 Dungeon Crawl Stone Soup version 0.24.0-123-gd5b16e6ec5 (webtiles) character file.

Game seed: 6406774941770588207, levelgen mode: deterministic

8561 Jabberih the Destroyer (level 11, -7/97 HPs)
             Began as a White Draconian Fire Elementalist on Feb 9, 2020.
             Was a Believer of Vehumet.
             Mangled by an enormous slime creature (73 damage)
             ... on level 12 of the Dungeon on Feb 10, 2020.
             The game lasted 00:35:18 (14060 turns).

Jabberih the Destroyer (DrFE)                      Turns: 14060, Time: 00:35:18

Health: -7/97      AC: 11    Str: 10    XL:     11   Next: 11%
Magic:  10/24      EV: 31    Int: 19    God:    Vehumet [**....]
Gold:   433        SH:  0    Dex: 12    Spells: 6/16 levels left

rFire    . . .     SeeInvis .   p - +5 dagger (venom)
rCold    + . .     Gourm    .   (no shield)
rNeg     . . .     Faith    .   (armour unavailable)
rPois    +         Spirit   .   (helmet restricted)
rElec    .         Reflect  .   (no cloak)
rCorr    .         Harm     .   v - +2 pair of gloves
MR       .....                  t - +0 pair of boots
Stlth    ++........             i - amulet of the acrobat
HPRegen  0.26/turn              E - ring of magical power
MPRegen  0.19/turn              K - ring of poison resistance

@: acrobat
A: breathe frost, unfitting armour, cold resistance 1, cold-blooded, AC +7
a: Breathe Frost, Renounce Religion


You were on level 12 of the Dungeon.
You worshipped Vehumet.
Vehumet was pleased with you.
You were not hungry.

You visited 3 branches of the dungeon, and saw 14 of its levels.

You collected 653 gold pieces.
You spent 220 gold pieces at shops.

Inventory:

Hand Weapons
 d - a +0 dagger
 h - a +0 club
 m - a +2 war axe of venom
 p - a +5 dagger of venom (weapon)
Missiles
 e - 283 stones (quivered)
 f - 3 atropa-tipped darts
 D - 195 arrows
 I - 8 poisoned darts
Armour
 t - a +0 pair of boots (worn)
 v - a +2 pair of gloves (worn)
Magical Staves
 B - an uncursed staff of summoning
Jewellery
 a - an uncursed ring of protection from fire
 i - an amulet of the acrobat (around neck)
 j - an uncursed ring of protection from magic
 l - an uncursed ring of see invisible
 n - an uncursed ring of ice
 r - an uncursed ring of positive energy
 E - a ring of magical power (left hand)
 K - a ring of poison resistance (right hand)
 P - a cursed amulet of inaccuracy {unknown}
Wands
 x - a wand of flame (37)
 M - a wand of digging (7)
 O - a wand of iceblast (10)
Scrolls
 g - 6 scrolls of remove curse
 u - a scroll of enchant armour
 w - 3 scrolls of fog
 y - 2 scrolls of fear
 C - 2 scrolls of identify
 G - a scroll of magic mapping
 H - a scroll of acquirement {unknown}
 J - 2 scrolls of teleportation
 L - a scroll of blinking
Potions
 c - 2 potions of degeneration
 k - a potion of brilliance
 o - 4 potions of curing
 q - a potion of cancellation
 s - a potion of invisibility {unknown}
 z - 2 potions of resistance
 A - 3 potions of heal wounds
 F - a potion of ambrosia
Comestibles
 b - 8 rations


   Skills:
 - Level 9.2 Fighting
 - Level 8.0 Dodging
 - Level 1.7 Stealth
 - Level 3.0 Spellcasting
 - Level 10.0 Conjurations
 - Level 5.1 Fire Magic
 - Level 4.0 Ice Magic
 + Level 2.5 Evocations


You had 6 spell levels left.
You knew the following spells:

 Your Spells              Type           Power        Failure   Level  Hunger
a - Throw Frost           Conj/Ice       ####..       1%          2    ##.....
b - Conjure Flame         Conj/Fire      ####....     1%          3    ###....
c - Sticky Flame          Conj/Fire      ####....     7%          4    ####...
d - Animate Skeleton      Necr           N/A          16%         1    None

Your spell library contained the following spells:

 Spells                   Type           Power        Failure   Level  Hunger
 Flame Tongue             Conj/Fire      ####.        1%          1    None
 Magic Dart               Conj           ####         1%          1    None
 Searing Ray              Conj           #####.       1%          2    ##.....
 Throw Flame              Conj/Fire      ####..       1%          2    ##.....
 Iskenderun's Mystic Bla  Conj           #####...     2%          4    ####...
 Dazzling Spray           Conj/Hex       ###...       6%          3    ###....
 Apportation              Tloc           #.....       16%         1    None
 Confusing Touch          Hex            #.....       16%         1    None
 Summon Small Mammal      Summ           #...         16%         1    None
 Inner Flame              Hex/Fire       ##......     16%         3    ###....
 Force Lance              Conj/Tloc      ###.....     19%         4    ####...
 Fulminant Prism          Conj/Hex       ###.......   19%         4    ####...
 Fireball                 Conj/Fire      ####......   19%         5    ######.


Dungeon Overview and Level Annotations

Branches:
Dungeon (12/15)            Temple (1/1) D:5            Lair (1/6) D:8
    Orc (0/2) D:11

Altars:
Ashenzari
Cheibriados
Dithmenos
Elyvilon
Fedhas
Gozag
Hepliaklqana
Kikubaaqudgha
Makhleb
Nemelex Xobeh
Okawaru
Qazlal
Ru
Sif Muna
Trog
Uskayaw
Vehumet
Wu Jian
Xom
Yredelemnul
Zin
The Shining One
Lugonu

Shops:
D:5 [   D:7 =

Annotations:
D:10 exclusion: downstairs
D:11 4 exclusions


Innate Abilities, Weirdness & Mutations

You can breathe waves of freezing cold.
You can buffet flying creatures when you breathe cold.
Your icy white scales are hard. (AC +7)
You cannot fit into any form of body armour.
Your flesh is cold resistant. (rC+)
You are cold-blooded and may be slowed by cold attacks.


Message History

There is an open door here.
Casting: Sticky Flame (safe; 7% risk of failure)
Confirm with . or Enter, or press ? or * to list all spells.
Aiming: Sticky Flame (safe; 7% risk of failure)
Press: ? - help, Shift-Dir - straight line, f - very large slime creature
Aim: a very large slime creature (moderately wounded)
The sticky flame hits the very large slime creature.
The very large slime creature is moderately wounded.
The very large slime creature is covered in liquid flames!
The very large slime creature burns!
The very large slime creature burns!
The very large slime creature burns!
Two slime creatures merge to form an enormous slime creature.
The enormous slime creature burns!
The enormous slime creature stops burning.
You see here a necrophage skeleton.
The enormous slime creature completely misses you.
The enormous slime creature hits you!!!!
Ouch! That really hurt!
You die...

#.......# ###...
#.......# ##.'...
#....<..# #^.#...
#....รท..# ###.##...
#.......####...##...
#.......#....####...
#.......'.#### #...
#..J....### #...
#..@....# ####
#...>...# #########


You could see an enormous slime creature.

Vanquished Creatures
  Erica (D:11)
  A two-headed ogre (D:8)
  A deep elf mage (D:12)
  A manticore (D:12)
  Joseph (D:8)
  A centaur zombie (D:10)
  A spiny frog (Lair:1)
  A hornet (D:8)
  A slime creature (D:12)
  Prince Ribbit (D:5)
  2 hippogriffs
  A vampire (D:10)
  Sigmund (D:2)
  A water moccasin (Lair:1)
  Duvessa (D:5)
  A porcupine (Lair:1)
  4 orc warriors
  A black bear (D:7)
  2 sky beasts
  A necrophage (D:12)
  4 ice beasts
  An ogre (D:5)
  2 phantoms
  4 centaurs
  A big kobold (D:10)
  2 bullfrogs (D:11)
  A water moccasin zombie (D:12)
  A scorpion (D:6)
  Dowan (D:5)
  2 killer bees (D:8)
  3 howler monkeys
  2 crimson imps
  A bullfrog zombie (D:10)
  2 quasits
  5 hounds
  5 jellies
  A bullfrog skeleton (D:9)
  3 orc priests
  A centaur skeleton (D:6)
  8 orc wizards
  4 iguanas
  5 worker ants
  4 hound skeletons
  A worker ant zombie (D:5)
  3 gnolls (D:7)
  12 adders
  2 shadow imps
  2 adder zombies (D:8)
  An adder skeleton (D:5)
  5 worms
  2 dart slugs
  2 leopard geckos
  32 orcs
  3 ball pythons
  5 bats
  A giant cockroach (D:3)
  3 goblins
  5 hobgoblins
  12 jackals
  6 kobolds
  A quokka (D:4)
  7 frilled lizards
  2 quokka zombies (D:6)
  7 rats
202 creatures vanquished.

Vanquished Creatures (collateral kills)
  Pikel (D:7)
  An orc warrior (D:9)
  An ogre (D:8)
  A killer bee (D:8)
  An orc wizard (D:11)
  An adder zombie (D:8)
  2 orcs
8 creatures vanquished.

Grand Total: 210 creatures vanquished

Notes
Turn   | Place    | Note
-------+----------+-------------------------------------------
     0 | D:1      | Jabberih the Draconian Fire Elementalist began the quest
                  | for the Orb.
     0 | D:1      | Reached XP level 1. HP: 14/14 MP: 3/3
   554 | D:1      | Reached XP level 2. HP: 20/20 MP: 1/5
  1116 | D:2      | Noticed Sigmund
  1173 | D:2      | Reached skill level 2 in Conjurations
  1191 | D:2      | Reached XP level 3. HP: 25/26 MP: 0/6
  1205 | D:2      | Learned a level 3 spell: Conjure Flame
  1301 | D:2      | Found an opulent altar of Gozag.
  2055 | D:2      | Reached XP level 4. HP: 30/33 MP: 4/7
  2736 | D:3      | Reached skill level 3 in Conjurations
  2948 | D:3      | Found an ornate altar of the Wu Jian Council.
  3432 | D:3      | Reached XP level 5. HP: 38/38 MP: 5/8
  3886 | D:4      | Learned a level 4 spell: Sticky Flame
  3950 | D:4      | Found a snail-covered altar of Cheibriados.
  3960 | D:4      | Noticed a phantom
  3974 | D:4      | Killed a phantom
  3974 | D:4      | Reached skill level 5 in Fire Magic
  3974 | D:4      | Reached XP level 6. HP: 37/45 MP: 1/10
  4047 | D:4      | Found a glowing golden altar of the Shining One.
  4063 | D:4      | Reached skill level 4 in Conjurations
  4446 | D:4      | Found a shimmering altar of Xom.
  4448 | D:4      | Found a shimmering altar of Xom.
  4449 | D:4      | Found a shimmering altar of Xom.
  4449 | D:4      | Found a shimmering altar of Xom.
  4451 | D:4      | Found a shimmering altar of Xom.
  4451 | D:4      | Found a shimmering altar of Xom.
  4452 | D:4      | Found a shimmering altar of Xom.
  4718 | D:2      | Killed Sigmund
  4718 | D:2      | Your scales start taking on an icy white colour.
  4718 | D:2      | Reduced skill Fire Magic to level 5
  4718 | D:2      | Reached XP level 7. HP: 42/50 MP: 6/11
  4718 | D:2      | Gained mutation: Your flesh is cold resistant. (rC+) [White
                  | Draconian growth]
  4901 | D:5      | Entered Level 5 of the Dungeon
  4918 | D:5      | Found a staircase to the Ecumenical Temple.
  4950 | D:5      | Reached skill level 5 in Conjurations
  4956 | Temple   | Entered the Ecumenical Temple
  5174 | D:5      | Reached skill level 1 in Fighting
  5194 | D:5      | Noticed Dowan
  5195 | D:5      | Noticed Duvessa
  5211 | D:5      | Killed Dowan
  5349 | D:5      | Killed Duvessa
  5483 | D:5      | Noticed Prince Ribbit
  5845 | D:5      | Killed Prince Ribbit
  5845 | D:5      | Reached XP level 8. HP: 26/63 MP: 7/12
  6125 | D:5      | Reached skill level 6 in Conjurations
  6378 | D:5      | Found Hannid's Armour Shoppe.
  6497 | D:6      | Found a hide-covered altar of Uskayaw.
  6729 | D:6      | Found an ancient bone altar of Kikubaaqudgha.
  6974 | D:6      | Learned a level 1 spell: Animate Skeleton
  6988 | D:6      | Found a shadowy altar of Dithmenos.
  7202 | D:6      | Found a glowing golden altar of the Shining One.
  7643 | D:7      | Noticed Pikel
  7655 | D:7      | Killed Pikel
  7655 | D:7      | Reached skill level 5 in Fighting
  7655 | D:7      | Reached skill level 7 in Conjurations
  7933 | D:7      | Reached XP level 9. HP: 74/74 MP: 13/13
  7993 | D:7      | Found Mifiv's Jewellery Emporium.
  8003 | D:7      | Reached skill level 5 in Dodging
  8038 | D:7      | Found a radiant altar of Vehumet.
  8133 | D:7      | Became a worshipper of Vehumet
  8186 | D:7      | Bought an uncursed ring of magical power for 220 gold
                  | pieces
  8630 | D:8      | Noticed Joseph
  8644 | D:8      | Killed Joseph
  8892 | D:8      | Found a shimmering altar of Xom.
  8968 | D:8      | Found a stormy altar of Qazlal.
  9044 | D:8      | Reached skill level 8 in Conjurations
  9170 | D:8      | Found a staircase to the Lair.
  9197 | D:8      | Reached * piety under Vehumet
  9197 | D:8      | Offered knowledge of Shock by Vehumet.
  9202 | D:8      | Noticed a two-headed ogre
  9212 | D:8      | Killed a two-headed ogre
  9304 | D:8      | Paralysed by a hornet for 3 turns
  9620 | D:8      | Reached XP level 10. HP: 77/86 MP: 14/14
  9819 | D:8      | Found a blossoming altar of Fedhas.
  9943 | Lair:1   | Entered Level 1 of the Lair of Beasts
  9983 | Lair:1   | Noticed a seven-headed hydra
 10022 | Lair:1   | Noticed a spiny frog
 10023 | Lair:1   | Noticed a spiny frog
 10437 | D:9      | Found a sacrificial altar of Ru.
 10622 | D:9      | Noticed a moth of wrath
 10625 | D:9      | Found a bloodstained altar of Trog.
 10874 | D:10     | Entered Level 10 of the Dungeon
 10949 | D:10     | Reached skill level 9 in Conjurations
 11164 | D:10     | Reached ** piety under Vehumet
 11164 | D:10     | Offered knowledge of Throw Frost by Vehumet.
 11177 | D:10     | Learned a level 2 spell: Throw Frost
 11325 | D:10     | Reached skill level 1 in Ice Magic
 12087 | D:11     | Noticed a six-headed hydra
 12485 | Lair:1   | Killed a spiny frog
 12568 | Lair:1   | Noticed a five-headed hydra
 13251 | D:11     | Noticed Erica
 13282 | D:11     | Killed Erica
 13470 | D:11     | Found a staircase to the Orcish Mines.
 13656 | D:12     | Noticed a manticore
 13667 | D:12     | Killed a manticore
 13667 | D:12     | Reached skill level 1 in Evocations
 13667 | D:12     | Reached XP level 11. HP: 28/97 MP: 12/15
 13907 | D:12     | Noticed a deep elf mage
 13920 | D:12     | Killed a deep elf mage
 13920 | D:12     | Reached skill level 10 in Conjurations
 14060 | D:12     | Mangled by an enormous slime creature

Levels and vault maps discovered:
D:1:      evilmike_arrival_hilbert_curve, layout_basic
D:2:      layout_basic, nicolae_gozag_cash_rules_everything_around_me,
          grunt_ministairs_14, corexii_hall_statues_u, kennysheep_nondescript,
          uniq_sigmund
D:3:      layout_loops_corners, lemuel_round_altar, first_ration
D:4:      layout_loops_ring, overflow_temple_1_default, lemuel_crystal_altar,
          nicolae_xom_altar_mimics
D:5:      layout_loops_ring, minmay_temple_entry_arrows, serial_shops, shop,
          uniq_duvessa, uniq_prince_ribbit1
D:6:      layout_loops_corners, eat_drink_and_be_merry_uskayaw,
          marbit_many_paths, nicolae_overflow_hidden_temple,
          palyth_stone_intersect, tso_altar
D:7:      layout_basic, overflow_temple_1_default, serial_shops, shop_fountains,
          uniq_pikel
D:8:      layout_loops_ring, kennysheep_mini_moat, lemuel_doored_altar,
          fedhas_altar_fruit_tree, lair_entry_dummy, uniq_joseph
D:9:      layout_gridville, tgw_trog, hangedman_ru_absence
D:10:     layout_grid_maze
D:11:     layout_rooms, orc_0_dummy, uniq_erica
D:12:     layout_roguey, grunt_livestock, uniq_rupert
Temple:   kb_corrupted_temple
Lair:1:   layout_layer_cave

Skill      XL: |  1  2  3  4  5  6  7  8  9 10 11 |
---------------+----------------------------------+-----
Conjurations   | 2 3 4 5 7 8 9 10 | 10.0
Fire Magic     | 4 5 5 |  5.1
Spellcasting   | 3 |  3.0
Dodging        | 3 4 6 8 |  8.0
Fighting       | 3 5 7 9 |  9.2
Ice Magic      | 4 |  4.0
Evocations     | 1 2 |  2.5
Stealth        | |  1.7

Action                   |  1- 3 |  4- 6 |  7- 9 | 10-12 || total
-------------------------+-------+-------+-------+-------++-------
Melee: Unarmed           |     8 |       |       |       ||     8
       Tailslap          |     1 |     6 |    28 |    16 ||    51
       Club              |     3 |       |       |       ||     3
       Dagger            |       |    54 |   263 |   174 ||   491
Throw: Stone             |    11 |     1 |       |     1 ||    13
 Cast: Flame Tongue      |    37 |   100 |     9 |     2 ||   148
       Conjure Flame     |     2 |     1 |       |     4 ||     7
       Sticky Flame      |       |     1 |    30 |    37 ||    68
       Animate Skeleton  |       |       |    11 |    19 ||    30
       Throw Frost       |       |       |       |    28 ||    28
 Abil: Breathe Frost     |       |       |     2 |     1 ||     3
Evoke: Wand              |       |       |       |     1 ||     1
  Use: Scroll            |       |     8 |     5 |     9 ||    22
       Potion            |       |       |     3 |     4 ||     7
 Stab: Sleeping          |       |       |     5 |     3 ||     8
       Distracted        |       |       |       |     1 ||     1
  Eat: Chunk             |     2 |     5 |    17 |    12 ||    36
       Ration            |     1 |     1 |     2 |     4 ||     8
Armor: Skin              |    13 |    21 |    83 |    73 ||   190
Dodge: Dodged            |    34 |    70 |   232 |   212 ||   548
